 Dungeon Crawl Stone Soup version 0.26-a0-639-g72c4674329 (webtiles) character file.

Game seed: 8221470914811256146

39 Kaptain the Digger (level 3, -9/32 HPs)
             Began as a Troll Earth Elementalist on Sept 16, 2020.
             Mangled by an ice beast (13 damage)
             ... on level 2 of the Dungeon.
             The game lasted 00:03:55 (1165 turns).

Kaptain the Digger (Troll Earth Elementalist)       Turns: 1165, Time: 00:03:55

Health: -9/32      AC:  6    Str: 16    XL:     3   Next: 26%
Magic:  1/4        EV: 10    Int: 12    God:
Gold:   155        SH:  0    Dex: 10    Spells: 1/5 levels left

rFire    . . .     SeeInvis .   h - +0 short sword
rCold    . . .     Faith    .   (no shield)
rNeg     . . .     Spirit   .   c - +0 robe
rPois    .         Reflect  .   (helmet restricted)
rElec    .         Harm     .   (no cloak)
rCorr    .         Rampage  .   (gloves unavailable)
MR       .....                  (boots unavailable)
Stlth    +.........             (no amulet)
HPRegen  0.50/turn              (no ring)
MPRegen  0.09/turn              (no ring)

@: no status effects
A: large, unfitting armour, claws 3, regeneration 1, shaggy fur 1, tough skin 3
a: no special abilities


You were on level 2 of the Dungeon.
You visited 1 branch of the dungeon, and saw 2 of its levels.

You collected 155 gold pieces.

Inventory:

Hand Weapons
 h - a +0 short sword (weapon)
Missiles
 b - 19 stones (quivered)
 f - 2 silver boomerangs
Armour
 c - a +0 robe (worn)
Jewellery
 a - an uncursed ring of see invisible {unknown}
Scrolls
 d - a scroll of blinking {unknown}
Potions
 e - a potion of cancellation {unknown}
 g - a potion of lignification {unknown}


   Skills:
 + Level 0.6 Fighting
 + Level 1.8 Dodging
 - Level 1.0 Stealth
 * Level 1.6 Spellcasting
 * Level 0.1 Conjurations
   Level 0.6 Transmutations
 * Level 3.2 Earth Magic


You had one spell level left.
You knew the following spells:

 Your Spells              Type           Power        Failure   Level
a - Sandblast             Erth           #.....       8%          1
b - Stone Arrow           Conj/Erth      #.....       38%         3

Your spell library contained the following spells:

 Spells                   Type           Power        Failure   Level
 Passwall                 Tmut/Erth      #.......     19%         2
 Petrify                  Tmut/Erth      #.......     77%         4
 Lee's Rapid Deconstruct  Erth           #.........   91%         5


Dungeon Overview and Level Annotations

Branches:
Dungeon (2/15)

Altars:


Innate Abilities, Weirdness & Mutations

You are too large for most types of armour.
You have claws for hands.
Your natural rate of healing is unusually fast.
You are covered in fur. (AC +1)
You have extremely tough skin. (AC +3)


Message History

The ice beast hits you. The ice beast freezes you!
You hit the ice beast but do no damage.
The ice beast is heavily wounded.
The ice beast barely misses you.
You hit the ice beast.
The ice beast is severely wounded.
The ice beast hits you but does no damage.
You hit the ice beast.
The ice beast is severely wounded.
The ice beast hits you but does no damage.
You hit the ice beast.
The ice beast is almost dead.
The ice beast hits you. The ice beast freezes you!
* * * LOW HITPOINT WARNING * * *
You completely miss the ice beast.
The ice beast is almost dead.
The ice beast hits you.
* * * LOW HITPOINT WARNING * * *
The ice beast freezes you!
You die...

..#..........#.# #.#
..##.##.####.#.# #.# ###
#.##.##.####.#.# #.#
..###..#.##......#.# #.#
.......#.##.####.#.# #.#
.........##.######.# #l#
..†......##........# #.#
......†..##..###########.#
.........##..##.@Yl......#
.......#.##..##.##########
.......#.....##.#
######.##.#..##.#
#.......##.# #####..###.#
#..# #.# ##.###.#
#####..##.#


You could see an ice beast and a leopard gecko.

Vanquished Creatures
  3 oozes
  A dart slug (D:1)
  9 bats
  A giant cockroach (D:1)
  A goblin (D:1)
  A hobgoblin (D:1)
  A kobold (D:1)
  A ball python (D:1)
  3 frilled lizards
  5 rats
26 creatures vanquished.

Notes
Turn   | Place    | Note
-------+----------+-------------------------------------------
     0 | D:1      | Kaptain the Troll Earth Elementalist began the quest for
                  | the Orb.
     0 | D:1      | Reached XP level 1. HP: 16/16 MP: 1/1
   138 | D:1      | Reached XP level 2. HP: 24/24 MP: 0/3
   247 | D:1      | Reached skill level 3 in Earth Magic
   739 | D:1      | Reached XP level 3. HP: 32/32 MP: 2/4
   744 | D:1      | Learned a level 3 spell: Stone Arrow
  1085 | D:2      | Noticed an ice beast
  1165 | D:2      | Mangled by an ice beast

Illustrated notes

Levels and vault maps discovered:
D:1:      eino_arrival_cavern_b, layout_basic
D:2:      layout_basic, uniq_natasha

Skill      XL: |  1  2 |
---------------+-------+-----
Earth Magic    | 3 |  3.2
Fighting       | |  0.6
Dodging        | |  1.8
Stealth        | |  1.0
Spellcasting   | |  1.6
Conjurations   | |  0.1
Transmutations | |  0.6

Action                   || total
-------------------------++-------
Melee: Unarmed           ||    15
       Short sword       ||    23
 Cast: Sandblast         ||    36
 Stab: Sleeping          ||     1
Armor: Robe              ||    32
Dodge: Dodged            ||    31

Table legend: (Time is in decaauts)
 A = Elapsed time spent in this place.
 B = Non-inter-level travel time spent in this place.
 C = Inter-level travel time spent in this place.
 D = Time resting spent in this place.
 E = Time spent auto-exploring this place.
 F = Levels seen in this place.
 G = Mean time per level.
                   A        B        C        D        E       F      G
               +--------+--------+--------+--------+--------+-----+--------+
         Total |   1167 |   1156 |     11 |      0 |    888 |   2 |  583.5 |
       Dungeon |   1167 |   1156 |     11 |      0 |    888 |   2 |  583.5 |
               +--------+--------+--------+--------+--------+-----+--------+

Top non-repeatable levels by time:
     D:1: 824 daAuts
     D:2: 342 daAuts
